 Dungeon Crawl Stone Soup version 0.22-a0-398-g8bb545f (webtiles) character file.

298 iamserjio the Magician (level 6, -2/32 HPs)
             Began as a Deep Elf Wizard on May 4, 2018.
             Slain by an adder (4 damage)
             ... on level 3 of the Dungeon.
             The game lasted 00:11:12 (3104 turns).

iamserjio the Magician (Deep Elf Wizard)            Turns: 3104, Time: 00:11:13

Health: -2/32      AC:  3    Str:  4    XL:     6   Next: 13%
Magic:  0/17       EV: 13    Int: 25    God:
Gold:   158        SH:  0    Dex: 13    Spells: 8/17 levels left

rFire    . . .     SeeInvis .   s - +3 quarterstaff (chaos)
rCold    . . .     Gourm    .   (shield currently unavailable)
rNeg     . . .     Faith    .   a - +0 robe
rPois    .         Spirit   +   b - +0 hat
rElec    .         Reflect  .   t - +0 cloak
rCorr    .         Harm     .   (no gloves)
MR       .....                  (no boots)
Stlth    ++........             n - amulet of guardian spirit
HPRegen  0.10/turn              (no ring)
MPRegen  0.15/turn              (no ring)

@: lethally poisoned (-2 -> -4)
A: no striking features
a: no special abilities


You were on level 3 of the Dungeon.
You were near starving.

You visited 2 branches of the dungeon, and saw 5 of its levels.

You collected 158 gold pieces.

Inventory:

Hand Weapons
 r - a +2 mace of holy wrath
 s - a +3 quarterstaff of chaos (weapon)
Armour
 a - a +0 robe (worn)
 b - a +0 hat (worn)
 g - a +1 leather armour of fire resistance
 t - a +0 cloak (worn)
Jewellery
 l - an uncursed amulet of regeneration {unknown}
 n - an amulet of guardian spirit (around neck)
Scrolls
 e - 2 scrolls of identify
 m - a scroll of remove curse
 o - a scroll of immolation {unknown}
Potions
 c - a potion of berserk rage {unknown}
 f - a potion of brilliance {unknown}
 h - a potion of might
 i - a potion of curing {unknown}
 j - a potion of cancellation {unknown}
 k - a potion of lignification {unknown}
 p - a potion of heal wounds {unknown}
 q - a potion of resistance {unknown}
Comestibles
 d - 7 rations


   Skills:
 - Level 2.4 Dodging
 - Level 2.4 Stealth
 + Level 6.1 Spellcasting
 * Level 5.1 Conjurations
   Level 1.1 Summonings
 - Level 1.1 Translocations
 + Level 2.5 Fire Magic


You had 8 spell levels left.
You knew the following spells:

 Your Spells              Type           Power        Failure   Level  Hunger
a - Magic Dart            Conj           ####         1%          1    None
b - Mephitic Cloud        Conj/Pois/Air  ###.....     11%         3    None
c - Conjure Flame         Conj/Fire      ####....     4%          3    None
d - Blink                 Tloc           N/A          7%          2    None


Dungeon Overview and Level Annotations

Branches:
Dungeon (4/15)             Temple (1/1) D:4

Altars:
Dithmenos
Elyvilon
Fedhas
Gozag
Nemelex Xobeh
Okawaru
Qazlal
Sif Muna
Trog
Uskayaw
Wu Jian
Yredelemnul
The Shining One

Annotations:
D:3 iamserjio's ghost, amateur DEWz
D:4 Dowan; Duvessa


Message History

* * * LOW HITPOINT WARNING * * *
There is a stone staircase leading up here.
The adder closely misses you.
You climb upwards.
Level annotation: iamserjio's ghost, amateur DEWz
There is a stone staircase leading down here.
Casting: Mephitic Cloud (safe; 11% risk of failure)
Confirm with . or Enter, or press ? or * to list all spells.
Aiming: Magic Dart (safe; 1% risk of failure)
Press: ? - help, Shift-Dir - straight line, f - adder
Aim: an adder The magic dart hits the adder.
The adder bites you.
* * * LOW HITPOINT WARNING * * *
You are poisoned.
The adder poisons you!
You miss the adder.
You feel sick. The adder barely misses you. x2
You miss the adder. The adder bites you.
* * * LOW HITPOINT WARNING * * *
The adder bites you.
You die...

#.#### ##.[.....# ....
#......... ##.#.#
#......... ...#
#......... .[.## ..
#......... ...# .#
#.........
###..##.#####.......#
#....S...............
#.@#..####......... #
##.#.# #......... #.
#...# #.........
#.####.## #.........
#...##.## ####.......#
.####.....###.........##
.................######
########..###....#
#.....##.###


You could see an adder.

Vanquished Creatures
  Sigmund (D:2)
  Crazy Yiuf (D:2)
  An orc priest (D:2)
  An orc wizard (D:2)
  An adder (D:4)
  2 oozes
  2 dart slugs
  2 leopard geckos (D:2)
  5 orcs
  7 goblins
  6 hobgoblins
  2 jackals (D:2)
  5 kobolds
  A quokka (D:2)
  8 bats
  5 frilled lizards
  4 rats
54 creatures vanquished.

Notes
Turn   | Place    | Note
-------+----------+-------------------------------------------
     0 | D:1      | iamserjio the Deep Elf Wizard began the quest for the Orb.
     0 | D:1      | Reached XP level 1. HP: 10/10 MP: 7/7
   160 | D:1      | Reached XP level 2. HP: 15/15 MP: 3/9
   842 | D:1      | Reached XP level 3. HP: 19/19 MP: 7/11
   878 | D:1      | Learned a level 3 spell: Mephitic Cloud
   882 | D:1      | Learned a level 3 spell: Conjure Flame
   885 | D:1      | Learned a level 2 spell: Blink
   992 | D:2      | Reached skill level 5 in Spellcasting
  1478 | D:2      | Found a stormy altar of Qazlal.
  1478 | D:2      | Found an opulent altar of Gozag.
  1513 | D:2      | Reached skill level 1 in Fire Magic
  1513 | D:2      | Reached XP level 4. HP: 12/24 MP: 1/13
  2017 | D:2      | Noticed Sigmund
  2143 | D:2      | Killed Sigmund
  2143 | D:2      | Reached skill level 6 in Spellcasting
  2143 | D:2      | Reached XP level 5. HP: 18/28 MP: 1/15
  2277 | D:2      | Found a runed door.
  2371 | D:2      | Noticed Crazy Yiuf
  2381 | D:2      | Killed Crazy Yiuf
  2381 | D:2      | Reached skill level 5 in Conjurations
  2381 | D:2      | Reached XP level 6. HP: 32/32 MP: 4/17
  2545 | D:3      | Noticed iamserjio's ghost (amateur DEWz)
  2754 | D:4      | Found a staircase to the Ecumenical Temple.
  2773 | Temple   | Entered the Ecumenical Temple
  3060 | D:4      | Noticed Duvessa
  3060 | D:4      | Noticed Dowan
  3104 | D:3      | Slain by an adder

Vault maps used:
D:1:      dpeg_arrival_erosion, serial_forest, infiniplex_forest_clump_tiny,
          infiniplex_forest_lined_room_2, infiniplex_forest_clump_double,
          infiniplex_forest_clump_curved, infiniplex_forest_straight_2,
          infiniplex_forest_clump_medium, infiniplex_forest_clump_diagonal
D:2:      cheibrodos_pilgrimage, amethyst_overflow_temple_binary, uniq_sigmund,
          uniq_crazy_yiuf_cottage
D:3:      nicolae_tso_carved_into_rock
D:4:      minmay_temple_entry_overgrown, first_ration, uniq_duvessa, uniq_robin
Temple:   minmay_temple_curvy_loop

Skill      XL: |  1  2  3  4  5 |
---------------+----------------+-----
Conjurations   | 2 3 4 5 |  5.1
Spellcasting   | 5 6 |  6.1
Fire Magic     | 1 2 |  2.5
Dodging        | |  2.4
Stealth        | |  2.4
Summonings     | |  1.1
Translocations | |  1.1

Action                   |  1- 3 |  4- 6 || total
-------------------------+-------+-------++-------
Melee: Club              |     3 |     1 ||     4
       Falchion          |       |     3 ||     3
       Quarterstaff      |       |     6 ||     6
 Cast: Magic Dart        |    79 |    41 ||   120
       Mephitic Cloud    |     2 |     7 ||     9
       Blink             |     2 |     1 ||     3
       Conjure Flame     |     1 |     1 ||     2
  Use: Scroll            |     1 |     2 ||     3
       Potion            |     1 |       ||     1
  Eat: Chunk             |     1 |     4 ||     5
Armor: Robe              |     1 |     3 ||     4
Dodge: Dodged            |     9 |    12 ||    21

Table legend:
 A = Spawn XP
 B = Non-spawn XP
 C = Spawn XP percentage of total XP
 D = Spawn monster count
 E = Non-spawn monster count
 F = Spawn count percentage of total count
 G = Total turns spent on level
                    A         B        C        D         E        F      G
               +---------+---------+-------+---------+---------+-------+---------
         Total |       0 |     427 |   0.0 |       0 |      54 |   0.0 |  3104
               +---------+---------+-------+---------+---------+-------+---------
           D:1 |       0 |      41 |   0.0 |       0 |      23 |   0.0 |   936
           D:2 |       0 |     362 |   0.0 |       0 |      25 |   0.0 |  1716
           D:3 |       0 |       7 |   0.0 |       0 |       4 |   0.0 |   103
           D:4 |       0 |      17 |   0.0 |       0 |       2 |   0.0 |   135
               +---------+---------+-------+---------+---------+-------+---------
